 Dungeon Crawl Stone Soup version 0.13-b1-24-g18a6e78 (webtiles) character file.

298 Deemzul the Sneak (level 5, -4/36 HPs)
             Began as an Octopode Monk on Oct 3, 2013.
             Slain by an iguana (13 damage)
             ... on Level 4 of the Dungeon.
             The game lasted 00:07:12 (2546 turns).

Deemzul the Sneak (Octopode Monk)                   Turns: 2546, Time: 00:07:12

HP  -4/36        AC  1     Str 10      XL: 5   Next: 64%
MP   0/4         EV 13     Int 13      God:
Gold 114         SH  0     Dex 15      Spells:  0 memorised,  4 levels left

Res.Fire  : . . .   See Invis. : .     - Unarmed
Res.Cold  : . . .   Warding    : .   (no shield)
Life Prot.: . . .   Conserve   : .   (helmet restricted)
Res.Poison: .       Res.Corr.  : .   d - amulet of guardian spirit
Res.Elec. : .       Clarity    : .   (no ring)
Sust.Abil.: . .     Spirit.Shd : +   (no ring)
Res.Mut.  : .       Stasis     : .   (no ring)
Res.Rott. : .       Flight     : .   (no ring)
Saprovore : . . .                    (no ring)
                                     (no ring)
                                     (no ring)
                                     (no ring)

@: slightly resistant to hostile enchantments, very stealthy
A: almost no armour, amphibious, 8 rings, constrict 8, camouflage 1, AC +1
a: no special abilities


You were on level 4 of the Dungeon.
You were near starving.

You visited 1 branch of the dungeon, and saw 4 of its levels.

You collected 114 gold pieces.

Inventory:

Comestibles
 b - 2 bread rations
 g - 4 meat rations
Scrolls
 a - 3 scrolls of teleportation {unknown}
 c - a scroll of noise {unknown}
 f - a scroll of fear {unknown}
 h - a scroll of fog {unknown}
 i - 3 scrolls of identify {unknown}
 l - 2 scrolls of enchant weapon I {unknown}
 n - 3 scrolls of remove curse {unknown}
 r - a scroll of curse weapon {unknown}
 s - a scroll of random uselessness {unknown}
 u - 2 scrolls of recharging {unknown}
Jewellery
 d - an amulet of guardian spirit (around mantle)
 o - an uncursed ring of ice
 t - an uncursed ring of wizardry {unknown}
Potions
 e - a potion of paralysis {unknown}
 j - a potion of heal wounds {unknown}
 k - a potion of might {unknown}
 m - a potion of curing {unknown}
 p - a potion of restore abilities {unknown}


   Skills:
 + Level 3.2 Fighting
 - Level 3.2 Dodging
 * Level 6.0 Stealth
 * Level 5.2 Unarmed Combat


You had 4 spell levels left.
You didn't know any spells.

Dungeon Overview and Level Annotations

Branches:
Dungeon (4/27)
 Temple: D:4-7

Altars:


Innate Abilities, Weirdness & Mutations

You cannot wear most types of armour.
You are amphibious.
You can wear up to eight rings at the same time.
You can use your tentacles to constrict many enemies at once.
Your skin changes colour to match your surroundings (Stlth).
Your rubbery body absorbs attacks (AC +1).


Message History

You hit the giant cockroach but do no damage.
You grab the giant cockroach.
The giant cockroach is lightly wounded.
You constrict the giant cockroach. The giant cockroach misses you.
You hit the giant cockroach but do no damage.
The giant cockroach is moderately wounded.
You constrict the giant cockroach. The giant cockroach barely misses you.
You hit the giant cockroach.
The giant cockroach is severely wounded.
You constrict the giant cockroach. The giant cockroach misses you.
You hit the giant cockroach but do no damage.
The giant cockroach is almost dead.
You constrict the giant cockroach.
You kill the giant cockroach!
You hit the rat.
You kill the rat!
You barely miss the iguana. Your grab misses the iguana.
The iguana is heavily wounded.
The iguana bites you!
You die...

#...#.................
#...+............?....
#...#.........).......
#...#.................
######)..#...?...#.........
.........?#+#######.........
...................#####.##
...#######l####....# .# ..
#@# #....#####. #.#
#.......... #.# #..........
#.# #.......... #.#
#.######## #.# #.# #.# #.#
#.# #.# #.# #.#


You could see an iguana.

Vanquished Creatures
  A crimson imp (D:3)
  4 gnolls (D:3)
  5 adders (D:3)
  A worm (D:3)
  An ooze (D:1)
  An orc (D:4)
  2 ball pythons
  5 bats
  A giant cockroach (D:4)
  8 goblins
  6 hobgoblins
  3 jackals (D:4)
  4 quokkas
  A giant gecko (D:3)
  5 giant newts
  6 kobolds
  11 rats
65 creatures vanquished.

Notes
Turn   | Place    | Note
--------------------------------------------------------------
     0 | D:1      | Deemzul, the Octopode Monk, began the quest for the Orb.
     0 | D:1      | Reached XP level 1. HP: 14/14 MP: 0/0
   122 | D:1      | Reached XP level 2. HP: 19/19 MP: 1/1
   993 | D:2      | Reached XP level 3. HP: 25/25 MP: 2/2
  1755 | D:3      | Reached XP level 4. HP: 25/30 MP: 3/3
  2030 | D:3      | Reached skill level 5 in Stealth
  2030 | D:3      | Reached skill level 5 in Unarmed Combat
  2041 | D:3      | Reached XP level 5. HP: 32/36 MP: 4/4
  2193 | D:3      | Reached skill level 6 in Stealth
  2546 | D:4      | Slain by an iguana

Action                   |  1- 3 |  4- 6 || total
-------------------------+-------+-------++-------
Melee: Unarmed           |    74 |    71 ||   145
 Stab: Sleeping          |    10 |     4 ||    14
